[Event "Late-Titled-Tuesday-Blitz-February-13-2024"]
[Site "Chess.com"]
[Date "2024.02.13"]
[Round "10"]
[White "HaryKane"]
[Black "emeli_chess"]
[Result "1-0"]
[WhiteElo "2602"]
[BlackElo "2411"]
[TimeControl "180+1"]
[EndTime "15:54:29 PST"]
[Termination "HaryKane won by resignation"]

1. f4 b6 2. Nf3 Bb7 3. d3 d5 4. e3 c5 5. Be2 Nf6 6. O-O g6 7. Qe1 Bg7 8. Nc3 O-O 9. Qh4 Nbd7 10. g4 Qc7 11. Nd1 d4 12. e4 Nxe4 13. dxe4 Bxe4 14. f5 Bxc2 15. Bh6 f6 16. Rc1 d3 17. Rxc2 dxc2 18. Ne3 Ne5 19. Nxe5 Qxe5 20. Bc4+ Rf7 21. Bxf7+ Kxf7 22. fxg6+ hxg6 23. Nxc2 Rh8 24. g5 Qe2 25. Qf2 Qxf2+ 26.
Rxf2 Bxh6 27. gxh6 Rxh6 28. Na3 Rh4 29. Nb5 a6 30.
Nc7 a5 31. Nd5 b5 32. Re2 e5 33. Rf2 f5 34. Nc7 b4 35. Rc2 c4 36. Nb5 Re4 37.
Nd6+ Ke6 38. Nxe4 fxe4 39. Rxc4 Kd5 40. Rc8 e3 41. Kf1 1-0

[Event "Late-Titled-Tuesday-Blitz-February-13-2024"]
[Site "Chess.com"]
[Date "2024.02.13"]
[Round "10"]
[White "PushingpawnsNYC"]
[Black "rcmz"]
[Result "0-1"]
[WhiteElo "2340"]
[BlackElo "2164"]
[TimeControl "180+1"]
[EndTime "15:54:31 PST"]
[Termination "rcmz won by checkmate"]

1. e4 a6 2. d4 e6 3. Nf3 b5 4. Bd3 Bb7 5. O-O c5 6. c3 Qc7 7. Qe2 c4 8. Bc2 d6 9. Bf4 Nd7 10.
Nbd2 e5 11. Bg3 Ngf6 12. h3 g6 13. Nh2 Bg7 14. f4 Nh5 15. Qf3 exd4 16. Bh4 d3 17.
Bd1 Qc5+ 18. Kh1 Nhf6 19. Bf2 Qc7 20. Bd4 O-O 21. Ng4 h5 22. Ne3 Nc5 23. Nd5 Nxd5 24. exd5 Bc8 25. g4 hxg4 26. hxg4 Qe7 27. Qg3 Bxd4 28.
cxd4 Ne4 29. Nxe4 Qxe4+ 30. Bf3 Qxd4 31. Rf2 Kg7 32. f5 Qe5 33. f6+ Qxf6 34. Re1 Rh8+ 35. Kg2 Bd7 36. Be4 Qh4 37. Qf4 Qh3+ 38. Kg1 f5 39. Bxf5 Qh1# 0-1

[Event "Late-Titled-Tuesday-Blitz-February-13-2024"]
[Site "Chess.com"]
[Date "2024.02.13"]
[Round "10"]
[White "HansOnTwitch"]
[Black "Antipov_Mikhail_Al"]
[Result "1-0"]
[WhiteElo "3152"]
[BlackElo "2965"]
[TimeControl "180+1"]
[EndTime "15:54:33 PST"]
[Termination "HansOnTwitch won on time"]

1. e4 c5 2. Nf3 e6 3. b3 a6 4. Bb2 Nc6 5. c4 Qc7 6. g3 Nf6 7. e5 Ng4 8. Bg2 Ngxe5 9. Nxe5 Nxe5 10. O-O d6 11. d4 cxd4 12. Qxd4 Bd7 13. f4 Ng4 14. Ba3 Bc6 15. Nc3 Bxg2 16. Kxg2 Qc6+ 17. Kh3 h5 18. Rad1 f5 19. Bxd6 Rd8 20. c5 h4 21.
gxh4 Kf7 22. Ne4 Be7 23. Ng5+ Bxg5 24. fxg5 Kg6 25. Rde1 Rde8 26. Qd3 Qd7 27. Kg3 Rh5 28. h3 Reh8 29. hxg4 Rxh4 30. Rxe6+ Qxe6 31. gxf5+ Kxg5 32. Qd2+ 1-0

[Event "Late-Titled-Tuesday-Blitz-February-13-2024"]
[Site "Chess.com"]
[Date "2024.02.13"]
[Round "10"]
[White "BogdanDeac"]
[Black "LyonBeast"]
[Result "0-1"]
[WhiteElo "3036"]
[BlackElo "3187"]
[TimeControl "180+1"]
[EndTime "15:54:34 PST"]
[Termination "LyonBeast won on time"]

1. d4 Nf6 2. Nf3 g6 3. e3 Bg7 4. Be2 O-O 5. O-O b6 6. c4 Bb7 7. Nc3 e6 8. b4 d6 9. Bb2 Nbd7 10. Qc2 c5 11. dxc5 dxc5 12. b5 Qe7 13. h3 Rad8 14.
a4 Ne8 15. a5 Nd6 16. axb6 axb6 17. Na4 e5 18. Rfd1 e4 19. Ne1 f5 20. Rd2 Bxb2 21.
Qxb2 Nc8 22. Rad1 Nf6 23. g3 Kf7 24. Ng2 g5 25. h4 h6 26. Rxd8 Rxd8 27. Rxd8 Qxd8 28.
Qe5 Ne7 29. hxg5 hxg5 30. Ne1 Bc8 31. Bf1 Ng6 32. Qb8 Ng4 33. Be2 N6e5 34. Bxg4 Nxg4 0-1

[Event "Late-Titled-Tuesday-Blitz-February-13-2024"]
[Site "Chess.com"]
[Date "2024.02.13"]
[Round "10"]
[White "SmirnovTimofey2000"]
[Black "Lavandum24"]
[Result "0-1"]
[WhiteElo "1946"]
[BlackElo "1965"]
[TimeControl "180+1"]
[EndTime "15:54:35 PST"]
[Termination "Lavandum24 won by resignation"]

1. e4 c5 2. c3 d5 3. exd5 Qxd5 4.
d4 cxd4 5. cxd4 Nc6 6. Nf3 Bg4 7.
Be3 e6 8. Nc3 Bb4 9. Be2 Nf6 10.
O-O Qd8 11. a3 Be7 12. h3 Bh5 13. b4 a6 14. b5 axb5 15. Bxb5 O-O 16. a4 Nd5 17. Nxd5 Qxd5 18. Be2 Rfd8 19. g4 Bg6 20. Bd3 Bf6 21. Bxg6 hxg6 22. g5 Bxd4 23. Nxd4 Nxd4 24. Qg4 Nf3+ 25. Kg2 Ne5+ 26. Kg3 0-1

[Event "Late-Titled-Tuesday-Blitz-February-13-2024"]
[Site "Chess.com"]
[Date "2024.02.13"]
[Round "10"]
[White "Ready4abattle"]
[Black "tarno17"]
[Result "1-0"]
[WhiteElo "2233"]
[BlackElo "2113"]
[TimeControl "180+1"]
[EndTime "15:54:39 PST"]
[Termination "Ready4abattle won by checkmate"]

1. e4 c5 2. Nf3 e6 3. d4 cxd4 4.
Nxd4 a6 5. Nc3 Qc7 6. a3 b5 7. f4 Bb7 8. Bd3 Nc6 9. Nxc6 dxc6 10. Qf3 c5 11. Bd2 Nf6 12. O-O-O b4 13. axb4 cxb4 14.
Ne2 b3 15. c4 Rc8 16. Bc3 a5 17.
g4 a4 18. g5 Nd7 19. Kd2 Nb6 20. f5 e5 21. g6 hxg6 22. fxg6 f6 23. Qf5 Nxc4+ 24. Ke1 Nd6 25. Qg4 Be7 26. Qe6 Qd7 27. Bb5 Qxb5 28. Rxd6 Bc6 29. Qf7# 1-0

[Event "Late-Titled-Tuesday-Blitz-February-13-2024"]
[Site "Chess.com"]
[Date "2024.02.13"]
[Round "10"]
[White "vi_pranav"]
[Black "GoltsevDmitry2000"]
[Result "1-0"]
[WhiteElo "3024"]
[BlackElo "2786"]
[TimeControl "180+1"]
[EndTime "15:54:40 PST"]
[Termination "vi_pranav won on time"]

1. Nf3 d5 2. g3 c6 3. Bg2 Nf6 4. O-O g6 5. d3 Bg7 6. Nbd2 O-O 7. e4 dxe4 8. dxe4 e5 9. Qe2 Qe7 10. a4 a5 11. b3 Nbd7 12. Ba3 c5 13. Nc4 b6 14.
Rfd1 Ba6 15. Qe1 Bxc4 16. bxc4 Ne8 17. Rd5 Nc7 18. Rd3 Ne6 19. c3 Rfd8 20. Nd2 Ndf8 21. Rd5 Nc7 22. Rb1 Nxd5 23. cxd5 Nd7 24. Bh3 Rab8 25.
Nc4 Qg5 26. Bxd7 Rxd7 27. Bxc5 Qd8 28. Bxb6 Qc8 29. Bxa5 Rxb1 30. Qxb1 Qxc4 31. Qb8+ Bf8 32. Bb4 h5 33. Qxf8+ Kh7 34. Qe8 Ra7 35. Be7 Qxe4 36.
Qxf7+ Kh6 37. Bf8+ Kg5 38. h4+ Kg4 39. Qxa7 Qxd5 40.
Kh2 1-0

[Event "Late-Titled-Tuesday-Blitz-February-13-2024"]
[Site "Chess.com"]
[Date "2024.02.13"]
[Round "10"]
[White "ValeriyGrinev"]
[Black "Mikhail_Golubev"]
[Result "1-0"]
[WhiteElo "2536"]
[BlackElo "2675"]
[TimeControl "180+1"]
[EndTime "15:54:40 PST"]
[Termination "ValeriyGrinev won by resignation"]

1. d4 Nf6 2. c4 g6 3. Nc3 Bg7 4. e4 d6 5. Nf3 O-O 6. Be2 e5 7. O-O Nc6 8. d5 Ne7 9. b4 Ne8 10. c5 f5 11. a4 Nf6 12. Nd2 f4 13. Nc4 g5 14. Nb5 a6 15. Nxc7 Qxc7 16. cxd6 Qd8 17. dxe7 Qxe7 18. d6 Qd8 19. Nxe5 Be6 20. Bb2 Nxe4 21.
Bg4 Bxg4 22. Qd5+ Kh8 23. Qxe4 Qxd6 24. Nc4 Qg6 25. Bxg7+ Qxg7 26. Nd6 Rad8 27. Nxb7 Rd4 28. Qc6 Rxb4 29. Nc5 Rc8 30. Qd5 Rd4 31. Qb7 Rxc5 32. Qxa6 Rc8 33. Rac1 Rf8 34. Qb6 Rdd8 35. Rc7 Rf7 36.
Rxf7 Qxf7 37. Qxd8+ Kg7 38. Qxg5+ 1-0

[Event "Late-Titled-Tuesday-Blitz-February-13-2024"]
[Site "Chess.com"]
[Date "2024.02.13"]
[Round "10"]
[White "karinachess1"]
[Black "Zq1"]
[Result "1-0"]
[WhiteElo "2675"]
[BlackElo "2504"]
[TimeControl "180+1"]
[EndTime "15:54:42 PST"]
[Termination "karinachess1 won by resignation"]

1. d4 Nf6 2. c4 a6 3. Nc3 c5 4. Nf3 cxd4 5. Nxd4 d5 6. e3 g6 7. Qb3 dxc4 8. Bxc4 e6 9. O-O Bg7 10. Rd1 Qe7 11. e4 Nbd7 12. Bg5 h6 13. Bh4 g5 14. Bg3 Nh5 15. Nxe6 fxe6 16. Bd6 Qf6 17. Bxe6 Nc5 18. Bxc5 Qxe6 19. Nd5 Kf7 20. Qf3+ Nf6 21. Nc7 Qc6 22.
Nxa8 Qxc5 23. Rac1 Qe5 24. Qb3+ Kg6 25. Nc7 Bg4 26.
f3 Rc8 27. Qxb7 Ne8 28. Nxe8 Qxe8 29. fxg4 Bd4+ 30. Kh1 Rb8 31. Qc6+ 1-0

[Event "Late-Titled-Tuesday-Blitz-February-13-2024"]
[Site "Chess.com"]
[Date "2024.02.13"]
[Round "10"]
[White "agvega14"]
[Black "deepfear"]
[Result "1-0"]
[WhiteElo "2191"]
[BlackElo "1978"]
[TimeControl "180+1"]
[EndTime "15:54:43 PST"]
[Termination "agvega14 won on time"]

1. d3 Nf6 2. e4 d6 3. c3 g6 4. h3 Bg7 5. f4 c5 6. Nf3 Nc6 7. Be3 O-O 8. Be2 b6 9. O-O e6 10. a4 d5 11. e5 Nh5 12. d4 Ng3 13. Re1 c4 14. Nbd2 h5 15. Bf2 h4 16. Nf1 Nxf1 17. Bxf1 Bh6 18. Bxh4 Ne7 19. Qd2 Qc7 20. Bf6 a6 21. Nh2 Bb7 22. Ng4 Bg7 23. Bxg7 Kxg7 24. Nf6 b5 25. g4 Bc6 26. a5 Rab8 27. Qf2 Rh8 28. Bg2 b4 29. Rec1 bxc3 30. Rxc3 Rb4 31. Ra2 Qb8 32. Qc2 Qc7 33. b3 Rhb8 34. bxc4 Rb1+ 35.
Kh2 1-0

[Event "Late-Titled-Tuesday-Blitz-February-13-2024"]
[Site "Chess.com"]
[Date "2024.02.13"]
[Round "10"]
[White "YellowJacek"]
[Black "LUISMIGUELOV"]
[Result "1/2-1/2"]
[WhiteElo "2357"]
[BlackElo "2185"]
[TimeControl "180+1"]
[EndTime "15:54:49 PST"]
[Termination "Game drawn by stalemate"]

1. e4 e5 2. Nf3 Nc6 3. Bb5 a6 4. Ba4 Nf6 5. O-O b5 6. Bb3 Bc5 7. c3 d6 8. d4 exd4 9. cxd4 Bb6 10. h3 O-O 11. Be3 Bb7 12. d5 Bxe3 13. dxc6 Bxf2+ 14. Rxf2 Bxc6 15. e5 Ne4 16. Rf1 Qe7 17. exd6 cxd6 18. Nbd2 d5 19. Nxe4 dxe4 20. Nd4 Qc5 21. Rc1 Qa7 22.
Rxc6 Rad8 23. Kh1 Rxd4 24. Qh5 g6 25. Qe5 Qd7 26. Rc7 Qd6 27. Qxd6 Rxd6 28. Rfxf7 Rxf7 29. Rxf7 Kh8 30. Re7 Rd4 31. g4 a5 32. g5 h6 33. gxh6 a4 34. Be6 e3 35. Bg4 Rd2 36.
b3 axb3 37. axb3 Rd3 38. Kg2 Rxb3 39. Kf3 b4 40. h4 Rc3 41. Rxe3 Rxe3+ 42. Kxe3 Kh7 43.
Kf4 Kxh6 44. Be6 Kh5 45. Kg3 g5 46. Bf7+ Kh6 47. h5 b3 48. Kg4 b2 49. Bg6 Kg7 50.
Bb1 Kh6 51. Bc2 Kg7 52. Kxg5 Kh8 53. Bb1 Kg7 54. h6+ Kh8 55. Kg6 Kg8 56. Ba2+ Kh8 57. h7 b1=Q+ 58. Bxb1 1/2-1/2

[Event "Late-Titled-Tuesday-Blitz-February-13-2024"]
[Site "Chess.com"]
[Date "2024.02.13"]
[Round "10"]
[White "Polish_fighter3000"]
[Black "Szparu"]
[Result "1-0"]
[WhiteElo "3062"]
[BlackElo "2803"]
[TimeControl "180+1"]
[EndTime "15:54:51 PST"]
[Termination "Polish_fighter3000 won by resignation"]

1. Nf3 d5 2. c4 c6 3. g3 Nf6 4.
Bg2 dxc4 5. O-O Nbd7 6. Na3 Nb6 7. Qc2 g6 8. Nxc4 Nxc4 9. Qxc4 Bg7 10. b3 Be6 11. Qc2 O-O 12. Bb2 Rc8 13. Ne5 Qc7 14.
Rac1 Rfd8 15. d4 Nd7 16. Nd3 Nf8 17. e3 h5 18. Nc5 h4 19. Nxe6 Nxe6 20. Bh3 Qd6 21.
Qc4 hxg3 22. hxg3 f5 23. Bg2 Kh7 24. Qa4 a6 25. Ba3 Qd7 26. d5 Ng5 27. dxc6 bxc6 28.
Bxc6 Qd2 29. Bxe7 Nf3+ 30. Bxf3 Rxc1 31. Qh4+ Kg8 32. Bxd8 Rxf1+ 33. Kxf1 1-0

[Event "Late-Titled-Tuesday-Blitz-February-13-2024"]
[Site "Chess.com"]
[Date "2024.02.13"]
[Round "10"]
[White "Zavgorodniy_Sergiy"]
[Black "ACollins05"]
[Result "1-0"]
[WhiteElo "2646"]
[BlackElo "2470"]
[TimeControl "180+1"]
[EndTime "15:54:51 PST"]
[Termination "Zavgorodniy_Sergiy won by resignation"]

1. d4 d5 2. c4 e6 3. Nf3 Nf6 4. e3 Be7 5. Nbd2 O-O 6. Bd3 b6 7. O-O Bb7 8. Qe2 c5 9. b3 Nc6 10. Bb2 Rc8 11. Rac1 cxd4 12. exd4 Qc7 13. Rfd1 Rfd8 14.
a3 Qb8 15. c5 bxc5 16. dxc5 Nh5 17. g3 Bf6 18. Bxf6 Nxf6 19. b4 e5 20. Bf5 Rc7 21.
Nxe5 Nd4 22. Qd3 Re7 23. f4 Rxe5 24. fxe5 Qxe5 25. Nf3 Ne2+ 26. Kf2 Nxc1 27. Nxe5 Nxd3+ 28. Bxd3 Re8 29. Nf3 Ng4+ 30. Kg1 Re3 31. Nd4 Ne5 32. Be2 Rxa3 33. b5 Rc3 34. c6 Bc8 35. Ra1 a6 36. bxa6 Nxc6 37. Nxc6 Bxa6 38. Rxa6 g6 39. Ne7+ Kg7 40.
Nxd5 Rc2 41. Kf2 h5 42. h4 Rc5 43. Nf4 Rf5 44. Ra7 Kg8 45. Bc4 Rf6 46. Rxf7 Rxf7 47. Bxf7+ Kxf7 48. Nh3 Kf6 49. Kf3 Kf5 50. Ng5 Ke5 51.
g4 hxg4+ 52. Kxg4 Kf6 53. Kf4 Kg7 54. Nf3 Kh6 55. Kg4 Kh7 56. Kg5 Kg7 57. Ne5 Kh7 58. Nxg6 Kg8 59. h5 Kg7 60. Nh4 Kh7 61. h6 Kg8 62. Kg6 Kh8 63. Nf3 Kg8 64. Ng5 Kh8 65. Nf7+ Kg8 66. h7+ Kf8 67. h8=Q+ Ke7 1-0

[Event "Late-Titled-Tuesday-Blitz-February-13-2024"]
[Site "Chess.com"]
[Date "2024.02.13"]
[Round "10"]
[White "FMJoseHerrera"]
[Black "Alex_Sahakyan2006"]
[Result "1-0"]
[WhiteElo "2733"]
[BlackElo "2856"]
[TimeControl "180+1"]
[EndTime "15:54:52 PST"]
[Termination "FMJoseHerrera won by resignation"]

1. Nf3 d5 2. g3 Bg4 3. Bg2 Nd7 4. d3 e6 5. O-O Ngf6 6. c3 Be7 7.
Nbd2 O-O 8. b4 a5 9. b5 a4 10. Rb1 a3 11. c4 Nb6 12. Qc2 Nfd7 13. Nb3 Nxc4 14. dxc4 Bf5 15. Qxf5 exf5 16. cxd5 Nb6 17. Nfd4 Nxd5 18. Bd2 Bb4 19. Bxb4 Nxb4 20. Bxb7 Ra4 21. Ra1 f4 22. Rfd1 fxg3 23. hxg3 Qe7 24. Bf3 g6 25. Rd2 Rd8 26. e3 Qf6 27. Kg2 Nd5 28. Rc1 Rd6 29.
Nc5 Nxe3+ 30. fxe3 Raxd4 31. exd4 Rxd4 32. Rf2 Qg5 33. Rcc2 Rb4 34. Ne4 Qh6 35. Rxc7 Qg7 36. Rc8+ Qf8 37. Rxf8+ Kxf8 38. Nd6 Ke7 39. Rd2 f5 40.
Bc6 Rb2 41. Nc4 Rb4 42. Nxa3 1-0

[Event "Late-Titled-Tuesday-Blitz-February-13-2024"]
[Site "Chess.com"]
[Date "2024.02.13"]
[Round "10"]
[White "SergioMoralesG"]
[Black "KarolKacprzak"]
[Result "1-0"]
[WhiteElo "2551"]
[BlackElo "2722"]
[TimeControl "180+1"]
[EndTime "15:54:52 PST"]
[Termination "SergioMoralesG won on time"]

1. d4 d5 2. c4 e6 3. Nf3 Nf6 4. Nc3 c6 5. Bg5 dxc4 6. e4 b5 7. e5 h6 8. Bh4 g5 9. Bg3 Nd5 10.
Nd2 Bb7 11. Nde4 Nd7 12. Be2 Qb6 13. Bh5 c5 14. dxc5 Bxc5 15. Qf3 O-O-O 16. O-O Rhf8 17. a4 b4 18. Nb5 Ne7 19. Qe2 Bd5 20. Ned6+ Kb8 21.
Nxc4 Qc6 22. Na5 Qa8 23. Nd6 Bxg2 24. Qb5+ Bb6 25. Rfc1 Qd5 26. Qe2 Qxa5 27. Kxg2 Nd5 28. Bf3 Nc5 29. Nc4 1-0

[Event "Late-Titled-Tuesday-Blitz-February-13-2024"]
[Site "Chess.com"]
[Date "2024.02.13"]
[Round "10"]
[White "kuli4ik"]
[Black "Doomfist26"]
[Result "1-0"]
[WhiteElo "2848"]
[BlackElo "2650"]
[TimeControl "180+1"]
[EndTime "15:54:53 PST"]
[Termination "kuli4ik won by resignation"]

1. e4 e6 2. d4 d5 3. exd5 exd5 4. Nf3 Nc6 5. c4 Bg4 6. Nc3 Bb4 7. Be3 Nf6 8. h3 Bh5 9. a3 Bxc3+ 10. bxc3 O-O 11. c5 Re8 12. Be2 Ne4 13. Rc1 Ng3 14. fxg3 Rxe3 15. O-O Qe7 16. Bb5 Re8 17. g4 Bg6 18. Bxc6 bxc6 19.
Qa4 Bd3 20. Rfe1 Be2 21. Ne5 f6 22. Nxc6 Qd7 23. Kf2 a6 24. c4 dxc4 25. Rxc4 Qd5 26. Ne5 R8xe5 27. dxe5 Qxe5 28. Rcc1 h5 29. gxh5 Qg3+ 30.
Kg1 Bf3 31. Qc4+ Kh8 32. Qf1 Bxg2 33. Rxe3 1-0

[Event "Late-Titled-Tuesday-Blitz-February-13-2024"]
[Site "Chess.com"]
[Date "2024.02.13"]
[Round "10"]
[White "Smiechu"]
[Black "GoldenShare"]
[Result "0-1"]
[WhiteElo "2429"]
[BlackElo "2560"]
[TimeControl "180+1"]
[EndTime "15:54:53 PST"]
[Termination "GoldenShare won by resignation"]

1. e4 e6 2. d4 d5 3. Bd3 c5 4. exd5 exd5 5. Nf3 c4 6. Be2 Nc6 7. O-O Bd6 8. Re1 Nge7 9. b3 cxb3 10. axb3 O-O 11. c4 Bg4 12. c5 Bc7 13. Nc3 Nf5 14. Nb5 Bb8 15. Bg5 f6 16. Be3 Nxe3 17. fxe3 Qe7 18.
Qd2 Re8 19. Bd1 a6 20. Nc3 Qf7 21. h3 Bf5 22. Be2 Bc7 23. Nxd5 Rad8 24. Nxc7 Qxc7 25. Bc4+ Kh8 26. Bd3 Bxd3 27. Qxd3 Nb4 28. Qc4 Nd5 29.
e4 Nf4 30. e5 Qc6 31. exf6 Qxf6 32. Ne5 Rf8 33. Rf1 Rxd4 34. Qxd4 Ne2+ 35. Kh2 Nxd4 36. Rxf6 gxf6 37. Nd7 Rd8 38. Nxf6 Nxb3 39. Re1 Kg7 40. Re3 Nxc5 41. Nh5+ Kg6 42. Nf4+ Kf5 43. Kg3 Ne4+ 44. Kf3 Ng5+ 45. Kg3 Ne4+ 46. Kf3 Nd2+ 47. Kg3 Rg8+ 48. Kf2 Kxf4 49. g3+ Kf5 50. g4+ Kf4 51. Re7 Ne4+ 52. Ke2 b5 53. Rf7+ Kg3 54. Rxh7 Rb8 55. Ra7 b4 56. Kd1 b3 57. Rxa6 b2 58. Ra3+ Kh4 59. Ke2 b1=Q 60. Re3 Rb2+ 61. Kf3 Qh1+ 62. Kf4 0-1

[Event "Late-Titled-Tuesday-Blitz-February-13-2024"]
[Site "Chess.com"]
[Date "2024.02.13"]
[Round "10"]
[White "sotochess"]
[Black "ChadBiryani"]
[Result "1-0"]
[WhiteElo "2583"]
[BlackElo "2449"]
[TimeControl "180+1"]
[EndTime "15:54:55 PST"]
[Termination "sotochess won by checkmate"]

1. e4 c5 2. Nf3 d6 3. d4 cxd4 4. Nxd4 Nf6 5. f3 e5 6. Bb5+ Bd7 7. Bxd7+ Qxd7 8. Nf5 d5 9. Bg5 dxe4 10. Bxf6 gxf6 11.
fxe4 Bc5 12. Nd2 Rg8 13. Qe2 Na6 14. O-O-O O-O-O 15. Nb3 Qc7 16. Kb1 h5 17. Nxc5 Nxc5 18. Rxd8+ Kxd8 19. Rd1+ Kc8 20. Rd5 Ne6 21. g3 Kb8 22.
Qxh5 Qc4 23. Qf3 Ng5 24. Qd1 a6 25. Nd6 Qb4 26. a3 Qa4 27. Qd3 Rd8 28. h4 Ne6 29.
Nxf7 Rf8 30. Nd6 Nd4 31. c3 Nc6 32. Nc4 f5 33. exf5 Qb3 34. Nxe5 Nxe5 35. Rxe5 Qb6 36. Qd4 Qb3 37. Qf4 Ka7 38. Qe3+ b6 39. Re7+ Kb8 40. Qe5+ Ka8 41. Qe4+ Kb8 42. Qb7# 1-0

[Event "Late-Titled-Tuesday-Blitz-February-13-2024"]
[Site "Chess.com"]
[Date "2024.02.13"]
[Round "10"]
[White "Hrant_ChessMood"]
[Black "Grischuk"]
[Result "0-1"]
[WhiteElo "2957"]
[BlackElo "3099"]
[TimeControl "180+1"]
[EndTime "15:54:56 PST"]
[Termination "Grischuk won on time"]

1. Nf3 d5 2. d4 Nf6 3. c4 c6 4. e3 Bg4 5. h3 Bh5 6. g4 Bg6 7. Ne5 Nbd7 8. Nxg6 hxg6 9. Nd2 e6 10.
Bg2 g5 11. Qb3 Qb6 12. Qxb6 axb6 13. Ke2 Be7 14. e4 dxe4 15. Nxe4 Nxe4 16. Bxe4 Bf6 17. Be3 Ra4 18. b3 Ra3 19. Bg2 Ke7 20. h4 c5 21. hxg5 Bxd4 22. Rxh8 Bxa1 23. Bxb7 Rxa2+ 24. Kf1 Bd4 25. Rg8 g6 26. Bxd4 cxd4 27. b4 d3 28. Ke1 Re2+ 29. Kd1 Rxf2 30. Rc8 Rb2 31. b5 Nc5 0-1

[Event "Late-Titled-Tuesday-Blitz-February-13-2024"]
[Site "Chess.com"]
[Date "2024.02.13"]
[Round "10"]
[White "VitaliyBernadskiy"]
[Black "Msb2"]
[Result "0-1"]
[WhiteElo "2897"]
[BlackElo "3021"]
[TimeControl "180+1"]
[EndTime "15:54:56 PST"]
[Termination "Msb2 won by resignation"]

1. g3 d5 2. Bg2 e6 3. d3 Nf6 4. e4 dxe4 5. dxe4 Qxd1+ 6. Kxd1 Bc5 7. f3 e5 8. Ne2 O-O 9. Nd2 a5 10. Nc4 Rd8+ 11. Ke1 Nc6 12. Be3 Bxe3 13. Nxe3 b6 14. Kf2 Ba6 15. Bf1 Rd2 16. Ke1 Rad8 17. a3 R2d7 18. Rd1 Rxd1+ 19. Nxd1 g6 20. Ne3 Kg7 21.
Nc3 Bxf1 22. Rxf1 Nd4 23. Kf2 Nxc2 24. Nc4 Rd4 25. b3 Rd3 26. Ne2 Rxb3 27. Nxe5 Nxa3 28. Rd1 Nb5 29. Nf4 Rb2+ 30. Ke3 a4 31. g4 g5 32.
Nh5+ Nxh5 33. gxh5 Nd6 34. Ng4 a3 35. h6+ Kg6 36.
e5 Nf5+ 37. Ke4 Rb4+ 38. Kd5 Rxg4 39. fxg4 Ne3+ 40. Ke4 Nxd1 41. e6 fxe6 0-1

[Event "Late-Titled-Tuesday-Blitz-February-13-2024"]
[Site "Chess.com"]
[Date "2024.02.13"]
[Round "10"]
[White "Jarrahi2452"]
[Black "nj123456"]
[Result "1-0"]
[WhiteElo "2825"]
[BlackElo "2459"]
[TimeControl "180+1"]
[EndTime "15:54:57 PST"]
[Termination "Jarrahi2452 won by checkmate"]

1. d4 d5 2. c4 e6 3. Nf3 Nf6 4. g3 Bb4+ 5. Bd2 Be7 6. Bg2 O-O 7. cxd5 exd5 8. O-O c6 9. Nc3 Re8 10. Qc2 Nbd7 11. e4 dxe4 12. Nxe4 Nxe4 13. Qxe4 Nf6 14. Qc2 Bd6 15. Rfe1 h6 16. Ne5 Be6 17. Bc3 Bd5 18. Bxd5 Nxd5 19. Qf5 Bxe5 20. dxe5 Nxc3 21. bxc3 g6 22.
Qf4 Kg7 23. Rad1 Qe7 24. Qd4 Qe6 25. Qd7 Qxa2 26. Qxb7 Qe6 27. Ra1 a5 28. Ra4 Reb8 29.
Qc7 Rb5 30. Rf4 Re8 31. Rf6 Qe7 32. Qxc6 Rxe5 33. Rxe5 Qxe5 34. Rf4 Qe6 35. Qc5 Qe5 36. Qc4 Qe6 37. Qb5 Qe5 38. Qc4 Qe6 39. Qa4 Qd5 40. Qxe8 g5 41. Re4 g4 42. Qe5+ Qxe5 43.
Rxe5 Kf6 44. Rxa5 h5 45. Rd5 h4 46. c4 h3 47. c5 Kg6 48. c6 f5 49. c7 f4 50. gxf4 g3 51. hxg3 h2+ 52. Kxh2 Kh6 53. c8=Q Kg6 54. Qc6+ Kg7 55. Rd7+ Kh8 56. Qc8# 1-0

[Event "Late-Titled-Tuesday-Blitz-February-13-2024"]
[Site "Chess.com"]
[Date "2024.02.13"]
[Round "10"]
[White "jefferyx"]
[Black "VladimirKramnik"]
[Result "0-1"]
[WhiteElo "3024"]
[BlackElo "2954"]
[TimeControl "180+1"]
[EndTime "15:54:58 PST"]
[Termination "VladimirKramnik won by resignation"]

1. d4 d5 2. c4 e6 3. Nf3 Nf6 4. Nc3 c6 5. Bg5 h6 6. Bxf6 Qxf6 7. e3 Bd6 8. Bd3 dxc4 9. Bxc4 Nd7 10. O-O O-O 11.
Ne4 Qe7 12. Nxd6 Qxd6 13. Qb3 b6 14. Rfd1 Bb7 15. a4 Rab8 16. a5 b5 17. Be2 Qe7 18.
Rac1 Rfc8 19. Ne5 Nxe5 20. dxe5 c5 21. f3 c4 22. Qc3 Rd8 23. Rd4 Rxd4 24. Qxd4 a6 25.
Rd1 Bd5 26. e4 Bc6 27. Qd6 Qb7 28. Qc5 Rc8 29. Qd4 Qc7 30. Qc3 Rd8 31. Rxd8+ Qxd8 32. b3 cxb3 33. Qxc6 Qd2 0-1

[Event "Late-Titled-Tuesday-Blitz-February-13-2024"]
[Site "Chess.com"]
[Date "2024.02.13"]
[Round "10"]
[White "reevecanada"]
[Black "CFalcons8"]
[Result "1-0"]
[WhiteElo "2567"]
[BlackElo "2434"]
[TimeControl "180+1"]
[EndTime "15:54:58 PST"]
[Termination "reevecanada won by checkmate"]

1. e4 e5 2. Nf3 Nc6 3. d4 exd4 4. Nxd4 Nf6 5. Nxc6 bxc6 6. e5 Qe7 7. Qe2 Nd5 8. c4 Ba6 9. b3 g6 10. Bb2 Bg7 11.
g3 O-O 12. Bg2 Rfe8 13. O-O Bxe5 14. Qxe5 Qxe5 15. Bxe5 Rxe5 16. cxd5 Bxf1 17. Kxf1 cxd5 18. Nc3 c6 19. f4 Re3 20. Nd1 Re7 21. Nf2 a5 22.
Re1 Rxe1+ 23. Kxe1 a4 24. b4 a3 25. Nd3 d6 26. Kd2 Rb8 27. Bf3 f5 28. Bd1 Kf7 29. Ba4 c5 30. Kc3 cxb4+ 31. Nxb4 d4+ 32. Kc4 d5+ 33. Nxd5 Rb2 34. Bb3 Rxh2 35. Kxd4 Rh3 36. Ne3+ Ke7 37. Nf1 Rh1 38. Bc4 Kd6 39. Ne3 Rg1 40.
Nf1 h6 41. Ke3 Rg2 42. Be2 g5 43. Kf3 Rg1 44. Kf2 Rh1 45. Bf3 Rh3 46. Kg2 g4 47. Be2 h5 48. Ne3 Ke6 49. Bd3 h4 50. Bxf5+ Kf6 51. Nxg4+ Kxf5 52. Kxh3 hxg3 53. Kxg3 Ke4 54. Nf2+ Ke3 55. f5 Kd2 56. f6 Kc3 57. f7 Kb2 58. f8=Q Kxa2 59. Qb4 Ka1 60. Nd3 a2 61. Qb2# 1-0

[Event "Late-Titled-Tuesday-Blitz-February-13-2024"]
[Site "Chess.com"]
[Date "2024.02.13"]
[Round "10"]
[White "Championnn-9"]
[Black "Felix-Rose"]
[Result "1-0"]
[WhiteElo "2500"]
[BlackElo "2238"]
[TimeControl "180+1"]
[EndTime "15:55:01 PST"]
[Termination "Championnn-9 won on time"]

1. e4 e5 2. Nf3 Nc6 3. d4 exd4 4. Nxd4 Nf6 5. Nxc6 bxc6 6. Bd3 Bc5 7. Qe2 O-O 8. O-O d5 9. e5 Nd7 10. e6 Nf6 11. exf7+ Rxf7 12. Bg5 Rb8 13. Nc3 Qd6 14. h3 Rxb2 15. Rab1 Rxb1 16. Rxb1 Rf8 17. Rb8 Bd7 18.
Rxf8+ Qxf8 19. Na4 Bd6 20. c4 c5 21. Nc3 d4 22. Ne4 Be7 23. Ng3 g6 24. Qf3 Kg7 25. Qf4 Ng8 26. Qxc7 Bxg5 27. Qxd7+ Qe7 28. Qd5 Nf6 29.
Qf3 h5 30. Qd1 h4 31. Ne2 Qe5 32. Qb3 Kh6 33. Qb7 a5 34. Qa8 Qc7 35. a4 Kg7 36. Qa6 Bd2 37. Qe6 Qd7 38. Qe5 Bb4 39. Qg5 Qf7 40. Nf4 Ne8 41. Bxg6 Qf6 42. Nh5+ 1-0

[Event "Late-Titled-Tuesday-Blitz-February-13-2024"]
[Site "Chess.com"]
[Date "2024.02.13"]
[Round "10"]
[White "Fjal"]
[Black "Attacker_2006"]
[Result "1-0"]
[WhiteElo "2248"]
[BlackElo "2425"]
[TimeControl "180+1"]
[EndTime "15:55:02 PST"]
[Termination "Fjal won by resignation"]

1. Nf3 d5 2. g3 c5 3. Bg2 Nc6 4. d4 e6 5. O-O Nf6 6. c4 dxc4 7. Na3 cxd4 8. Nxc4 Bc5 9. a3 a5 10. Qc2 O-O 11. Rd1 Bd7 12. Nfe5 Qc7 13. Bf4 Nxe5 14.
Bxe5 Qc8 15. Rac1 Bc6 16. Bxd4 Bxg2 17. Bxf6 Bd5 18. Be5 Qc6 19. Nd6 Bh1 20. e4 Bf3 21.
Rd2 Bxd6 22. Qxc6 bxc6 23. Rxd6 Bxe4 24. Rc4 Bd5 25. Rg4 g6 26. Rd7 Rad8 27. Rb7 f6 28.
Bc3 Rf7 29. Rxf7 Kxf7 30. Rf4 f5 31. h3 Be4 32. g4 Rd1+ 33. Kh2 Rh1+ 34. Kg3 g5 35. Rxe4 fxe4 36. Bxa5 Rb1 37. Bc3 Ke7 38. a4 Kd6 39. a5 Kc5 40. h4 gxh4+ 41. Kxh4 Kb5 42.
Kg3 c5 43. Kf4 Re1 44. Bxe1 1-0